 Dungeon Crawl Stone Soup version 0.25-a0-843-g6944ee31a2 (webtiles) character file.

Game seed: 3308017352415201142, levelgen mode: deterministic

595 Esekla the Magician (level 7, -4/34 (38) HPs)
             Began as a Tengu Ice Elementalist on Apr 26, 2020.
             Slain by an unseen horror (10 damage)
             ... on level 6 of the Dungeon.
             The game lasted 00:22:06 (3105 turns).

Esekla the Magician (Tengu Ice Elementalist)        Turns: 3105, Time: 00:22:07

HP:   -4/34 (38)    AC:  9    Str:  9    XL:     7   Next: 40%
MP:   15/15         EV: 13    Int: 17    God:
Gold: 51            SH:  0    Dex: 14    Spells: 9/16 levels left

rFire    . . .     SeeInvis .   c - +0 falchion
rCold    . . .     Gourm    .   (no shield)
rNeg     . . .     Faith    .   n - +0 leather armour
rPois    .         Spirit   .   (helmet restricted)
rElec    .         Reflect  .   (no cloak)
rCorr    .         Harm     .   (no gloves)
MR       .....                  (boots unavailable)
Stlth    ++........             (no amulet)
HPRegen  0.11/turn              (no ring)
MPRegen  0.14/turn              (no ring)

@: icy armour, frozen ramparts
A: beak, talons 3, able to fly
a: Fly


You were on level 6 of the Dungeon.
You were not hungry.

You visited 1 branch of the dungeon, and saw 5 of its levels.

You collected 51 gold pieces.

Inventory:

Hand Weapons
 c - a +0 falchion (weapon)
 g - a +0 short sword
Armour
 n - a +0 leather armour (worn)
Scrolls
 a - a scroll of amnesia {unknown}
 d - a scroll of identify {unknown}
 e - 2 scrolls of fog
 l - 2 scrolls of remove curse {unknown}
 m - a scroll of blinking {unknown}
Potions
 f - a potion of berserk rage {unknown}
 h - a potion of invisibility {unknown}
 i - a potion of curing {unknown}
 j - a potion of haste {unknown}
 k - a potion of lignification {unknown}


   Skills:
 + Level 1.1 Fighting
 - Level 2.0 Short Blades
 * Level 3.6 Armour
 + Level 3.2 Dodging
 - Level 2.0 Stealth
 * Level 5.2 Spellcasting
 * Level 1.7 Charms
 - Level 3.6 Ice Magic


You had 9 spell levels left.
You knew the following spells:

 Your Spells              Type           Power        Failure   Level  Hunger
a - Ozocubu's Armour      Chrm/Ice       ##......     19%         3    ###....
c - Freeze                Ice            ###.         4%          1    None
r - Frozen Ramparts       Ice            ###...       13%         3    ###....

Your spell library contained the following spells:

 Spells                   Type           Power        Failure   Level  Hunger
 Hailstorm                Conj/Ice       ##......     65%         4    ####...
 Summon Ice Beast         Ice/Summ       ##......     65%         4    ####...


Dungeon Overview and Level Annotations

Branches:
Dungeon (6/15)
 Temple: D:4-7

Altars:
Nemelex Xobeh

Annotations:
D:1 1 runed translucent door


Innate Abilities, Weirdness & Mutations

You have a beak for a mouth.
You have claws for feet.
You can fly continuously.


Message History

The wall freezes something but do no damage.
Something barely misses you.
The wall freezes something but do no damage.
Something hits you!
Deactivating autopickup; reactivate with Ctrl-A.
The wall freezes something.
Something hits you.
Casting: Frozen Ramparts (mildly dangerous; 13% risk of failure)
Confirm with . or Enter, or press ? or * to list all spells.
A film of ice covers your body!
The wall freezes something.
Something hits you.
The wall freezes something.
Something hits you but does no damage.
The wall freezes something but do no damage.
The wall freezes something.
Something hits you!
* * * LOW HITPOINT WARNING * * *
The wall freezes something.
Something hits you but does no damage.
The wall freezes something but do no damage.
It was a potion of magic.
Magic courses through your body.
The wall freezes something.
Something hits you.
* * * LOW HITPOINT WARNING * * *
The wall freezes something.
Something hits you!
You die...

# .......#.#.#.....# ..
....................
#.####.#..#.#.#........
##......#..#...#.#.#####
....................
.......<.......#.#..
.######.#......#.#.#
###.#....... #.
#..@....... #.#.#..##..
#...#..# . ##### ...
.... ####


There were no monsters in sight!

Vanquished Creatures
  Eustachio (D:6)
  A necrophage (D:6)
  A crimson imp (D:6)
  A bullfrog zombie (D:5)
  2 hounds (D:6)
  A bullfrog skeleton (D:6)
  4 orc wizards (D:6)
  A worker ant (D:6)
  6 adders
  An ooze (D:2)
  5 orcs
  3 bats (D:2)
  A giant cockroach (D:6)
  A hobgoblin (D:2)
  4 jackals (D:6)
  A quokka (D:2)
  A frilled lizard (D:2)
  A kobold (D:2)
  A rat (D:2)
37 creatures vanquished.

Notes
Turn   | Place    | Note
-------+----------+-------------------------------------------
     0 | D:1      | Esekla the Tengu Ice Elementalist began the quest for the
                  | Orb.
     0 | D:1      | Reached XP level 1. HP: 10/10 MP: 4/4
     1 | D:1      | Found a runed translucent door.
     5 | D:1      | Noticed a jelly
   147 | D:2      | Reached skill level 1 in Armour
   147 | D:2      | Reached XP level 2. HP: 9/15 MP: 1/6
   392 | D:2      | Reached XP level 3. HP: 16/19 MP: 1/8
   543 | D:2      | Learned a level 3 spell: Frozen Ramparts
   547 | D:2      | Learned a level 3 spell: Ozocubu's Armour
   586 | D:2      | Found a sparkling altar of Nemelex Xobeh.
   631 | D:2      | You fall into a shaft and drop 2 floors!
   631 | D:4      | Noticed Eustachio
   646 | D:5      | Entered Level 5 of the Dungeon
   721 | D:6      | Reached skill level 3 in Spellcasting
  1006 | D:6      | Reached XP level 4. HP: 24/24 MP: 2/9
  1297 | D:6      | Gained mutation: You can fly continuously. [Tengu growth]
  1297 | D:6      | Reached XP level 5. HP: 28/28 MP: 4/11
  1444 | D:6      | Reached skill level 4 in Spellcasting
  1458 | D:6      | Reached skill level 1 in Short Blades
  1458 | D:6      | Reached skill level 1 in Charms
  1458 | D:6      | Reached XP level 6. HP: 23/32 MP: 6/13
  1801 | D:6      | Noticed a necrophage
  1827 | D:6      | Killed a necrophage
  2676 | D:6      | Reached XP level 7. HP: 26/33 MP: 6/15
  2758 | D:6      | Killed Eustachio
  2758 | D:6      | Reached skill level 5 in Spellcasting
  2955 | D:5      | Reached skill level 1 in Fighting
  3105 | D:6      | Slain by an unseen horror

Levels and vault maps discovered:
D:1:      dpeg_arrival_caged_fury, layout_basic, st_stairs_1
D:2:      layout_rooms, first_ration, nemelex_dance_club_becter
D:4:      layout_basic, temple_green, uniq_eustachio
D:5:      layout_basic, basic_altar
D:6:      lemuel_upstairs_altar, layout_basic, minmay_misc_feat_four_crosses,
          uniq_crazy_yiuf_cottage

Skill      XL: |  1  2  3  4  5  6  7 |
---------------+----------------------+-----
Armour         | 1 2 3 |  3.6
Spellcasting   | 3 4 5 |  5.2
Short Blades   | 1 2 |  2.0
Charms         | 1 |  1.7
Dodging        | 3 |  3.2
Fighting       | 1 |  1.1
Stealth        | |  2.0
Ice Magic      | |  3.6

Action                   |  1- 3 |  4- 6 |  7- 9 || total
-------------------------+-------+-------+-------++-------
Melee: Dagger            |     4 |       |       ||     4
       Short sword       |    12 |    79 |     7 ||    98
       Kick              |     5 |    20 |     3 ||    28
       Peck              |       |    12 |     1 ||    13
       Falchion          |       |       |     3 ||     3
 Cast: Freeze            |    13 |       |       ||    13
       Frozen Ramparts   |     4 |     9 |     5 ||    18
       Ozocubu's Armour  |     1 |    10 |     2 ||    13
  Use: Scroll            |       |     1 |       ||     1
       Potion            |       |       |     1 ||     1
 Stab: Sleeping          |     6 |       |       ||     6
  Eat: Chunk             |       |     4 |       ||     4
       Ration            |       |     1 |     1 ||     2
Armor: Robe              |     3 |    26 |     2 ||    31
       Leather armour    |       |       |     3 ||     3
Dodge: Dodged            |    21 |    63 |    14 ||    98
       Rpst.: Falchion   |       |       |     1 ||     1

Table legend:
 A = Non-vault XP
 B = Vault XP
 C = Vault XP percentage of total XP
 D = Non-vault monster count
 E = Vault monster count
 F = Vault count percentage of total count
                 A         B        C        D         E       F
            +---------+---------+-------+---------+---------+-------
      Total |     644 |     207 |  24.3 |      34 |       3 |   8.1
            +---------+---------+-------+---------+---------+-------
        D:2 |      52 |      10 |  16.1 |      11 |       2 |  15.4
        D:5 |      76 |       0 |   0.0 |       4 |       0 |   0.0
        D:6 |     516 |     197 |  27.6 |      19 |       1 |   5.0
            +---------+---------+-------+---------+---------+-------
